 Dungeon Crawl Stone Soup version 0.26-a0-651-gb41185065b (webtiles) character file.

Game seed: 3719392179772805876

210 Irenicus the Geomancer (level 5, -6/42 HPs)
             Began as a Deep Dwarf Earth Elementalist on Oct 20, 2020.
             Killed by divine providence
             ... invoked by an orc priest
              (15 damage)
             ... on level 3 of the Dungeon.
             The game lasted 00:08:50 (1400 turns).

Irenicus the Geomancer (DDEE)                       Turns: 1400, Time: 00:08:51

Health: -6/42      AC:  7    Str: 12    XL:     5   Next: 57%
Magic:  1/7        EV: 11    Int: 16    God:
Gold:   138        SH:  5    Dex: 13    Spells: 4/7 levels left

rFire    . . .     SeeInvis .   d - +1 dagger (venom)
rCold    . . .     Faith    .   (no shield)
rNeg     . . .     Spirit   .   h - +1 ring mail
rPois    .         Reflect  +   o - +1 hat
rElec    .         Harm     .   (no cloak)
rCorr    .         Rampage  .   (no gloves)
MR       .....                  (no boots)
Stlth    +.........             j - amulet of reflection
HPRegen  0.00/turn              (no ring)
MPRegen  0.10/turn              (no ring)

@: non-regenerating
A: damage resistance, heal wounds, sense surroundings 1, no regeneration
a: Heal Wounds


You were on level 3 of the Dungeon.
You visited 1 branch of the dungeon, and saw 3 of its levels.

You collected 138 gold pieces.

Inventory:

Hand Weapons
 d - a +1 dagger of venom (weapon)
   (You took it off a kobold on level 1 of the Dungeon)
Missiles
 b - 59 stones (quivered)
Armour
 h - a +1 ring mail (worn)
   (You found it on level 1 of the Dungeon)
 o - a +1 hat (worn)
   (You found it on level 2 of the Dungeon)
Jewellery
 c - an uncursed amulet of faith {Faith, !P}
   (You found it on level 2 of the Dungeon)
 j - an amulet of reflection (around neck)
   (You found it on level 1 of the Dungeon)
Wands
 p - a wand of digging (6)
   (You found it on level 2 of the Dungeon)
Scrolls
 e - a scroll of random uselessness {unknown}
 f - 3 scrolls of identify {unknown}
 i - 3 scrolls of teleportation {unknown}
 k - a scroll of amnesia {unknown}
 l - a scroll of remove curse
 m - a scroll of fear {unknown}
 n - a scroll of immolation {unknown}
 q - a scroll of enchant armour
Potions
 a - a potion of haste
 g - a potion of flight {unknown}


   Skills:
 - Level 2.1 Dodging
 - Level 2.4 Stealth
 - Level 1.7 Spellcasting
 - Level 0.8 Transmutations
 + Level 8.4 Earth Magic


You had 4 spell levels left.
You knew the following spells:

 Your Spells              Type           Power        Failure   Level
a - Sandblast             Erth           ####..       1%          1
w - Passwall              Tmut/Erth      ###.....     11%         2

Your spell library contained the following spells:

 Spells                   Type           Power        Failure   Level
 Stone Arrow              Conj/Erth      ##....       26%         3
 Petrify                  Tmut/Erth      ###.....     56%         4
 Lee's Rapid Deconstruct  Erth           ####......   38%         5


Dungeon Overview and Level Annotations

Branches:
Dungeon (3/15)

Altars:


Innate Abilities, Weirdness & Mutations

You are resistant to damage.
You can heal yourself by infusing magical energy.
You passively map a small area around you.
You do not regenerate.


Message History

You open the door.
An orc comes into view. It is wielding a +0 dagger.
Casting: Passwall (safe; 11% risk of failure)
Confirm with . or Enter, or press ? or * to list all spells.
Aiming: Sandblast (safe; 1% risk of failure)
Press: ? - help, Shift-Dir - straight line, f - orc
Aim: an orc, wielding a +0 dagger and wearing a +0 scale mail (asleep)
Okay, then.
The orc shouts!
The orc hits you but does no damage.
There is an open door here.
MP restored: 7 You hit the orc but do no damage.
The orc is poisoned.
The orc closely misses you.
Casting: Sandblast (safe; 1% risk of failure)
Confirm with . or Enter, or press ? or * to list all spells.
Aiming: Sandblast (safe; 1% risk of failure)
Press: ? - help, Shift-Dir - straight line, f - orc
Aim: an orc, wielding a +0 dagger and wearing a +0 scale mail (moderately wounded, poisoned)
The blast of sand hits the orc.
The orc is severely wounded.
b - 62 stones You block the orc's attack.
You now have 6/7 mp.
Casting: Sandblast (safe; 1% risk of failure)
Confirm with . or Enter, or press ? or * to list all spells.
Aiming: Sandblast (safe; 1% risk of failure)
Press: ? - help, Shift-Dir - straight line, f/p - orc
Aim: an orc, wielding a +0 dagger and wearing a +0 scale mail (heavily wounded, poisoned)
The blast of sand hits the orc.
You kill the orc!
b - 61 stones You now have 5/7 mp.
There is an open door here.
Things that are here:
a +0 dagger; a +0 scale mail; an orc corpse
g - a fuming emerald potion You open the door.
There is an open door here.
Things that are here:
a +0 dagger; a +0 scale mail; an orc corpse You open the door.
MP restored: 7
Casting: Sandblast (safe; 1% risk of failure)
Confirm with . or Enter, or press ? or * to list all spells.
Press: ? - help, Dir - move target cursor A rock wall.
You begin to meditate on the wall.
You continue meditating on the rock. x2
You finish merging with the rock.
An orc comes into view. It is wielding a +0 whip.
You now have 5/7 mp.
The helpless orc fails to defend itself.
You puncture the orc!
You kill the orc!
Casting: Passwall (safe; 11% risk of failure)
Confirm with . or Enter, or press ? or * to list all spells.
Okay, then.
You see here a +0 whip.
Casting: Passwall (safe; 11% risk of failure)
Confirm with . or Enter, or press ? or * to list all spells.
Press: ? - help, Dir - move target cursor A rock wall.
You begin to meditate on the wall.
You continue meditating on the rock. x2
You finish merging with the rock.
You now have 3/7 mp.
You open the door.
A hobgoblin comes into view.
Casting: Passwall (safe; 11% risk of failure)
Confirm with . or Enter, or press ? or * to list all spells.
Aiming: Sandblast (safe; 1% risk of failure)
Press: ? - help, Shift-Dir - straight line, f - hobgoblin
Aim: a hobgoblin The blast of sand misses the hobgoblin.
b - 60 stones You now have 3/7 mp.
Casting: Sandblast (safe; 1% risk of failure)
Confirm with . or Enter, or press ? or * to list all spells.
Aiming: Sandblast (safe; 1% risk of failure)
Press: ? - help, Shift-Dir - straight line, f/p - hobgoblin
Aim: a hobgoblin The blast of sand hits the hobgoblin!
You kill the hobgoblin!
b - 59 stones You now have 2/7 mp.
An orc wizard comes into view. It is wielding a +0 dagger.
Casting: Sandblast (safe; 1% risk of failure)
Confirm with . or Enter, or press ? or * to list all spells.
Press: ? - help, Dir - move target cursor A rock wall.
You begin to meditate on the wall.
You continue meditating on the rock. x2
You finish merging with the rock. 2 orcs, an orc priest and an orc wizard come into view.
You now have 1/7 mp.
The helpless orc wizard fails to defend itself.
You puncture the orc wizard!
The orc wizard is severely wounded.
The orc wizard shouts!
The orc priest shouts!
The orc priest invokes the aid of Beogh against you.
Beogh smites you!
You die...

##..#..#####.#.., ,,, *
...............#.# .#
#######P.####..#.# .#
.).#.)#..#..#..#.##.# ,
...').#..†..#..#.#..# , ,
,
...####..####.....$.####,
#'##...................+
.....P.........#....##
.......#######.#@#.## ,,
#..#)###..+()#.#o###
#..#...'.)#..#.#o#
#..#...#######.#o#
#..#####P.P....#o#
...............#.#
.#####.#########o# ..#
#.# #.# ..####.#


You could see an orc priest, 2 orc wizards and 2 orcs.

Vanquished Creatures
  A bullfrog (D:2)
  4 gnolls (D:2)
  3 adders (D:2)
  An ooze (D:1)
  3 worms (D:2)
  5 dart slugs
  2 leopard geckos (D:1)
  7 orcs (D:3)
  2 giant cockroaches (D:1)
  6 goblins
  3 hobgoblins
  A quokka (D:2)
  6 bats
  4 frilled lizards
  4 kobolds
  7 rats
59 creatures vanquished.

Notes
Turn   | Place    | Note
-------+----------+-------------------------------------------
     0 | D:1      | Irenicus the Deep Dwarf Earth Elementalist began the quest
                  | for the Orb.
     0 | D:1      | Reached XP level 1. HP: 15/15 MP: 3/3
   192 | D:1      | Reached XP level 2. HP: 22/22 MP: 0/4
   255 | D:1      | Reached skill level 5 in Earth Magic
   259 | D:1      | Learned a level 2 spell: Passwall
   664 | D:1      | Reached XP level 3. HP: 21/28 MP: 3/5
   773 | D:2      | Noticed a bullfrog
   777 | D:2      | Reached skill level 6 in Earth Magic
   780 | D:2      | Killed a bullfrog
   780 | D:2      | Reached skill level 7 in Earth Magic
   780 | D:2      | Reached XP level 4. HP: 18/36 MP: 2/6
   969 | D:2      | HP: 9/36 [gnoll/+1 halberd of freezing (3)]
   972 | D:2      | Reached XP level 5. HP: 9/42 MP: 0/7
  1004 | D:2      | Reached skill level 8 in Earth Magic
  1400 | D:3      | Killed from afar by an orc priest

Illustrated notes

Levels and vault maps discovered:
D:1:      nicolae_arrival_somewhat_less_tricky_arrival, layout_basic
D:2:      layout_rooms
D:3:      corexii_shack_village, layout_loops_corners, mrwooster_statue_mirror,
          led_sif_pool

Skill      XL: |  1  2  3  4  5 |
---------------+----------------+-----
Earth Magic    | 5 7 8 |  8.4
Dodging        | |  2.1
Stealth        | |  2.4
Spellcasting   | |  1.7
Transmutations | |  0.8

Action                   |  1- 3 |  4- 6 || total
-------------------------+-------+-------++-------
Melee: Dagger            |    30 |    27 ||    57
 Cast: Sandblast         |    18 |    35 ||    53
       Passwall          |     9 |     8 ||    17
  Use: Scroll            |       |     2 ||     2
       Potion            |       |     2 ||     2
 Stab: Sleeping          |     5 |     5 ||    10
Armor: Robe              |     5 |       ||     5
       Ring mail         |     2 |    14 ||    16
Dodge: Dodged            |    14 |    11 ||    25
Block: Other             |     3 |     7 ||    10

Table legend: (Time is in decaauts)
 A = Elapsed time spent in this place.
 B = Non-inter-level travel time spent in this place.
 C = Inter-level travel time spent in this place.
 D = Time resting spent in this place.
 E = Time spent auto-exploring this place.
 F = Levels seen in this place.
 G = Mean time per level.
                   A        B        C        D        E       F      G
               +--------+--------+--------+--------+--------+-----+--------+
         Total |   1381 |   1381 |      0 |      0 |      0 |   3 |  460.3 |
       Dungeon |   1381 |   1381 |      0 |      0 |      0 |   3 |  460.3 |
               +--------+--------+--------+--------+--------+-----+--------+

Top non-repeatable levels by time:
     D:1: 698 daAuts
     D:2: 454 daAuts
     D:3: 228 daAuts

Table legend:
 A = Kills in this place as a percentage of kills in entire the game.
 B = Kills by you in this place as a percentage of kills by you in the entire game.
 C = Kills by friends in this place as a percentage of kills by friends in the entire game.
 D = Other kills in this place as a percentage of other kills in the entire game.
 E = Experience gained in this place as a percentage of experience gained in the entire game.
 F = Experience gained in this place divided by the number of levels of this place that you have seen.
                   A       B       C       D       E      F
               +-------+-------+-------+-------+-------+----------------------
         Total | 100.0 | 100.0 |   N/A |   N/A | 100.0 | 100.3
       Dungeon | 100.0 | 100.0 |   N/A |   N/A | 100.0 | 100.3
               +-------+-------+-------+-------+-------+----------------------
